 Dungeon Crawl Stone Soup version 0.29.1-15-g9cfb28693d (webtiles) character file.

Game seed: 11814302593404645423

7 Heoruswealwe the Caller (level 1, 10/10 HPs)
             Began as a Deep Elf Summoner on Mar 1, 2023.
             Got out of the dungeon alive.
             The game lasted 00:05:37 (740 turns).

Heoruswealwe the Caller (Deep Elf Summoner)          Turns: 740, Time: 00:05:38

Health: 10/10      AC:  2    Str:  5    XL:     1   Next: 83%
Magic:  6/6        EV: 12    Int: 19    God:
Gold:   17         SH:  0    Dex: 15    Spells: 5/6 levels left

rFire   . . .      SeeInvis .   c - +0 short sword
rCold   . . .      Faith    .   (no shield)
rNeg    . . .      Spirit   .   a - +0 robe
rPois   .          Reflect  .   (no helmet)
rElec   .          Harm     .   (no cloak)
rCorr   .          Rampage  .   (no gloves)
Will    .....                   (no boots)
Stlth   ++........              (no amulet)
HPRegen 0.03/turn               (no ring)
MPRegen 0.10/turn               (no ring)

@: no status effects
A: no striking features
a: no special abilities


You escaped.
You visited 1 branch of the dungeon, and saw 1 of its levels.

You collected 17 gold pieces.

Inventory:

Hand Weapons
 c - a +0 short sword (weapon)
Armour
 a - a +0 robe (worn)
Scrolls
 d - 2 scrolls of vulnerability {unknown}
 e - a scroll of fear {unknown}
 f - a scroll of enchant weapon {unknown}
 g - a scroll of poison {unknown}
Potions
 b - a potion of magic
 h - a potion of curing {unknown}


   Skills:
 + Level 2.6 Dodging
 + Level 2.6 Stealth
 + Level 3.2 Spellcasting
 + Level 4.5 Summonings


You had 5 spell levels left.
You knew the following spells:

 Your Spells              Type           Power      Damage    Failure   Level
a - Summon Small Mammal   Summ           80%        N/A       2%          1

Your spell library contained the following spells:

 Spells                   Type           Power      Damage    Failure   Level
 Call Imp                 Summ           20%        N/A       3%          2
 Call Canine Familiar     Summ           20%        N/A       7%          3
 Summon Guardian Golem    Hex/Summ       11%        N/A       19%         3
 Summon Lightning Spire   Summ/Air       11%        N/A       52%         4


Dungeon Overview and Level Annotations

Branches:
Dungeon (1/15)

Altars:
Xom


Message History

You see here a ball python corpse.
Found a scroll labelled ERGHYS HIARIG.
f - a scroll labelled ERGHYS HIARIG
Found a short sword.
Found a scroll labelled HETYNI NYINGESAN and a black potion.
You see here a +0 short sword.
Found a stone staircase leading down.
There is a stone staircase leading down here.
g - a scroll labelled HETYNI NYINGESAN
Found a stone staircase leading down.
h - a black potion
Found 8 gold pieces.
You now have 17 gold pieces (gained 8).
Found a faded altar of an unknown god.
A kobold comes into view. It is wielding a +0 short sword.
The kobold shouts!
Your quokka barely misses the kobold.
Your quokka bites the kobold.
Your quokka closely misses the kobold.
You hit the kobold.
You kill the kobold!
You swap places.
You see here a +0 short sword.
There is a faded altar of an unknown god here.
You cannot tell which god this altar belongs to.
Convert to them anyway?
Xom accepts your prayer! Xom welcomes you!
Xom is very interested.
Really renounce your faith, foregoing its fabulous benefits?
Are you sure?
You have lost your religion!
Xom does not appreciate desertion!
You swap places.
Your quokka disappears in a puff of smoke!
There is a stone staircase leading down here.
Done exploring.
There is an open door here.
There is a staircase leading out of the dungeon here.
Are you sure you want to leave the Dungeon?
This will make you lose the game!
You have escaped!

#.# #.# #.# #.# #.# #.#
#.# #.# #.# #.#
#.###.####### # #.#
####........##### #.#
##..#####...... ##.##
#♣#♣#...# #######
#...####.♣.##..###########
#.....#.#@#.#.............
#...####...##########.....
##### #.♣.♣.###### #.####
#♣...♣#....# #.# #
#.....####.# #.# #.~8~.#
#.# #.# #.~~~.# #.# #.#
#.~#~.# #.# #.#
#'###'####.####.#


There were no monsters in sight!

Vanquished Creatures
  A ball python (D:1)
  A kobold (D:1)
2 creatures vanquished.

Vanquished Creatures (collateral kills)
  2 endoplasms (D:1)
  A hobgoblin (D:1)
  A rat (D:1)
4 creatures vanquished.

Vanquished Creatures (others)
  2 fungi (D:1)
  4 plants (D:1)
6 creatures vanquished.

Grand Total: 12 creatures vanquished

Notes
Turn   | Place    | Note
-------+----------+-------------------------------------------
     0 | D:1      | Heoruswealwe the Deep Elf Summoner began the quest for the
                  | Orb.
     0 | D:1      | Reached XP level 1. HP: 10/10 MP: 6/6
   578 | D:1      | Found a faded altar of an unknown god.
   594 | D:1      | Prayed at the altar of an unknown god.
   594 | D:1      | Became a worshipper of Xom of Chaos
   599 | D:1      | Fell from the grace of Xom
   740 | D:$      | Got out of the dungeon alive.

Illustrated notes

Levels and vault maps discovered:
D:1:      tarquinn_simple_flora_water_d, layout_loops_ring,
          chequers_ecumenical_altar_simple_redux

Action                   || total
-------------------------++-------
Melee: Short sword       ||    28
       Punch             ||     1
 Cast: Summon Small Mamm ||     9
Invok: Renounce Religion ||     1
